Map: Acolyte LE

Players

Scarlett - Winner!

  • Race: Zerg Zerg
  • Spawn Location: 1:00

Neeb

  • Race: Protoss Protoss
  • Spawn Location: 7:00

Event: WCS Montreal 2017

VOD

Have the link to the VOD?

Description

Time

  • Played on: Sept. 9, 2017, 4:30 p.m.
  • Length: 19:46

All games in this series

Show
View Real Time Build Order
Export as new Build Order

Scarlett Zerg - Winner!

Build Orders: Hatch First, Muta Ling Bane 

Get SALT Encoding   

  12  0:00  Drone  
  13  0:12  Overlord  
  13  0:17  Drone  
  14  0:30  Drone  
  14  0:31  Drone  
  14  0:34  Drone  
  17  0:51  Hatchery  
  17  0:55  Drone  
  17  1:01  Drone  
  18  1:10  Extractor  
  17  1:15  Spawning Pool  
  17  1:17  Drone  
  17  1:19  Drone  
  18  1:28  Drone  
  19  1:39  Overlord  
  19  1:50  Drone  
  20  2:00  Drone  
  21  2:02  Queen  
  21  2:03  Queen, Drone  
  26  2:11  Drone  
  26  2:12  Metabolic Boost  
  26  2:15  Drone  
  28  2:24  Drone  
  28  2:25  Drone  
  30  2:36  Hatchery  
  29  2:38  Drone x2  
  29  2:44  Queen  
  31  2:46  Zergling x2  
  31  2:48  Zergling x2  
  35  2:54  Overlord  
  35  3:05  Drone  
  35  3:07  Overlord  
  36  3:18  Drone x4  
  36  3:19  Queen  
  42  3:25  Zergling x2  
  43  3:37  Spore Crawler, Drone  
  43  3:38  Drone x2  
  43  3:39  Spore Crawler  
  44  3:43  Evolution Chamber  
  44  3:45  Drone  
  44  3:54  Drone x5  
  47  4:02  Drone x5  
  51  4:05  Drone  
  51  4:08  Spore Crawler  
  51  4:10  Zerg Melee Weapons Level 1  
  51  4:13  Drone x2  
  51  4:14  Lair  
  53  4:18  Queen  
  53  4:21  Overlord  
  55  4:24  Extractor  
  55  4:29  Overlord x2  
  54  4:41  Overlord, Drone x2  
  57  4:47  Queen  
  57  4:48  Drone x5  
  57  4:52  Drone x2  
  66  4:57  Drone x4  
  70  5:02  Drone  
  70  5:03  Extractor, Drone  
  70  5:05  Extractor  
  69  5:09  Baneling Nest  
  67  5:15  Queen  
  67  5:16  Drone x5  
  67  5:18  Hydralisk Den  
  67  5:19  Extractor x2  
  69  5:27  Drone  
  69  5:28  Drone x6  
  75  5:35  Spore Crawler, Drone x4  
  78  5:42  Spire  
  77  5:57  Drone x4  
  78  5:58  Overlord x4  
  78  6:01  Muscular Augments  
  81  6:15  Spore Crawler  
  81  6:18  Drone x3  
  83  6:19  Zerg Melee Weapons Level 2  
  83  6:20  Drone  
  83  6:21  Drone x6  
  83  6:34  Drone x8  
  90  6:50  Hatchery  
  90  6:53  Mutalisk x8  
  105  7:03  Overlord x4  
  105  7:06  Zerg Flyer Weapons Level 1  
  105  7:14  Drone  
  105  7:15  Drone x6  
  112  7:16  Centrifical Hooks  
  112  7:19  Hydralisk  
  114  7:24  Overlord  
  114  7:25  Hydralisk x3  
  120  7:31  Hydralisk x3  
  126  7:38  Hydralisk x3  
  126  7:43  Hydralisk  
  134  7:55  Hydralisk x4  
  142  8:01  Extractor  
  142  8:02  Infestation Pit  
  142  8:05  Extractor  
  139  8:08  Overlord x3  
  139  8:09  Overlord x2  
  139  8:12  Hydralisk  
  141  8:13  Hydralisk  
  141  8:18  Hatchery  
  140  8:21  Drone x2  
  141  8:28  Hydralisk  
  141  8:29  Hydralisk x4  
  151  8:35  Zerg Missile Weapons Level 1  
  151  8:41  Pathogen Glands  
  151  8:52  Burrow  
  151  8:54  Drone x3  
  154  8:58  Spine Crawler, Extractor  
  154  9:01  Extractor  
  151  9:03  Overseer  
  151  9:07  Infestor x3  
  157  9:15  Infestor  
  159  9:17  Infestor  
  161  9:31  Spore Crawler  
  160  9:38  Hive, Infestor  
  160  9:39  Infestor  
  164  9:46  Infestor  
  164  9:47  Infestor, Hatchery  
  164  9:51  Drone x8  
  175  9:53  Drone x7  
  175  9:54  Drone x3  
  175  9:58  Drone  
  175  9:59  Spore Crawler x3, Drone x15  
  198  10:00  Spore Crawler x3  
  198  10:03  Spore Crawler  
  198  10:05  Zerg Flyer Armor Level 1  
  194  10:09  Infestor  
  196  10:15  Drone  
  196  10:16  Evolution Chamber  
  196  10:19  Infestor x3  
  190  10:23  Neural Parasite  
  190  10:41  Infestor x3  
  194  10:46  Spore Crawler x2  
  194  10:49  Spore Crawler x2  
  190  10:50  Spore Crawler x2  
  190  10:51  Spore Crawler x3  
  190  10:52  Spore Crawler x2, Overlord  
  190  10:53  Spore Crawler x2, Zerg Melee Weapons Level 3  
  181  10:57  Overseer x6  
  181  11:00  Spore Crawler  
  180  11:06  Zerg Ground Armor Level 1  
  181  11:11  Drone x6  
  181  11:14  Infestor  
  181  11:16  Zergling x6  
  193  11:35  Spire  
  193  11:36  Zergling x2  
  189  11:40  Pneumatized Carapace  
  189  11:46  Infestor x2  
  179  11:49  Corruptor x5  
  183  11:55  Spore Crawler, Drone x6  
  183  11:56  Spore Crawler x2  
  183  11:59  Spore Crawler  
  185  12:02  Spore Crawler x2  
  185  12:03  Spore Crawler x2  
  185  12:08  Viper  
  184  12:09  Corruptor x4  
  184  12:12  Extractor  
  184  12:14  Extractor  
  189  12:29  Corruptor x4  
  191  12:31  Spore Crawler x3  
  191  12:32  Spore Crawler  
  191  12:35  Ultralisk Cavern  
  164  13:02  Corruptor x8  
  172  13:14  Corruptor x3  
  168  13:23  Corruptor x2  
  168  13:25  Drone x5  
  168  13:26  Drone  
  171  13:38  Greater Spire  
  171  13:39  Zergling x2  
  171  13:40  Zergling x28  
  186  14:10  Zergling x28  
  186  14:12  Zerg Ground Armor Level 2  
  186  14:13  Zerg Missile Weapons Level 2  
  193  14:26  Zergling x12  
  193  14:27  Zergling x4  
  185  14:46  Corruptor x4  
  185  14:47  Corruptor x5  
  189  14:56  Corruptor x7  
  189  14:58  Zerg Flyer Weapons Level 2, Zerg Flyer Armor Level 2  
  189  15:14  Ultralisk  
  194  15:18  Hatchery  
  184  15:37  Zergling x2  
  184  15:38  Zergling x20  
  193  15:47  Chitinous Plating  
  193  15:54  Zergling x2  
  193  15:55  Zergling x14  
  186  16:13  Corruptor  
  186  16:14  Overlord x4  
  186  16:18  Overlord x4  
  185  16:19  Overseer x6  
  185  16:33  Zergling x28  
  197  16:41  Corruptor x2  
  183  16:47  Extractor  
  183  16:50  Extractor  
  183  16:52  Infestor x8  
  185  17:00  Zerg Ground Armor Level 3, Zerg Missile Weapons Level 3  
  182  17:16  Zergling x16  
  182  17:17  Zergling x18  
  195  17:42  Viper  
  195  18:31  Extractor  
  195  18:32  Hatchery  
  195  18:34  Extractor  
  175  18:37  Corruptor  
  175  18:38  Corruptor x11  
  190  18:55  Corruptor  
  179  18:56  Corruptor x9  
  182  19:09  Corruptor x6  
  171  19:10  Corruptor x8  
  171  19:11  Zergling x4  
  181  19:20  Zergling x18  
Show
View Real Time Build Order
Export as new Build Order

Neeb Protoss 

Build Orders: 1 Gate Expand, Oracle Opening, Carriers 

Get SALT Encoding   

  12  0:01  Probe (Chrono Boost)  
  13  0:11  Probe (Chrono Boost)  
  14  0:17  Pylon  
  14  0:22  Probe (Chrono Boost)  
  15  0:33  Assimilator  
  15  0:35  Probe (Chrono Boost)  
  16  0:42  Gateway  
  16  0:45  Probe (Chrono Boost)  
  17  0:56  Probe (Chrono Boost)  
  18  1:07  Probe (Chrono Boost)  
  19  1:17  Probe (Chrono Boost)  
  20  1:22  Nexus  
  20  1:32  Cybernetics Core  
  20  1:35  Probe (Chrono Boost)  
  21  1:40  Assimilator  
  21  1:45  Probe (Chrono Boost)  
  22  1:49  Pylon  
  22  1:56  Probe (Chrono Boost)  
  23  2:07  Probe (Chrono Boost)  
  23  2:08  Stargate  
  24  2:12  Adept (Chrono Boost)  
  26  2:19  Probe  
  26  2:20  Warp Gate  
  27  2:31  Probe  
  27  2:33  Probe  
  27  2:36  Adept (Chrono Boost)  
  31  2:43  Probe x2  
  32  2:46  Assimilator  
  33  2:51  Oracle (Chrono Boost)  
  33  2:55  Probe x2  
  38  2:59  Assimilator  
  38  3:05  Pylon  
  38  3:07  Probe x2  
  40  3:17  Probe  
  41  3:21  Probe  
  41  3:23  Stargate  
  42  3:33  Probe  
  44  3:36  Probe, Void Ray (Chrono Boost)  
  48  3:43  Pylon  
  48  3:45  Probe  
  48  3:47  Probe  
  50  3:57  Probe  
  50  3:58  Probe  
  52  4:09  Probe, Oracle (Chrono Boost)  
  56  4:10  Probe  
  56  4:13  Oracle (Chrono Boost)  
  56  4:16  Pylon  
  60  4:21  Probe  
  60  4:22  Probe  
  62  4:31  Nexus  
  62  4:38  Probe  
  62  4:40  Probe  
  62  4:41  Oracle (Chrono Boost)  
  67  4:48  Stargate  
  67  4:49  Oracle (Chrono Boost)  
  70  4:55  Pylon  
  70  5:00  Pylon  
  70  5:02  Pylon  
  70  5:13  Probe x2, Oracle (Chrono Boost)  
  75  5:17  Pylon  
  75  5:25  Probe x2  
  75  5:27  Oracle (Chrono Boost)  
  80  5:30  Assimilator  
  80  5:34  Assimilator  
  80  5:37  Probe, Mothership Core  
  86  5:43  Probe  
  86  5:49  Probe  
  91  5:53  Probe  
  89  5:58  Probe  
  89  6:01  Probe  
  89  6:02  Pylon  
  89  6:04  Probe  
  94  6:05  Void Ray x2 (Chrono Boost)  
  94  6:10  Probe  
  99  6:11  Void Ray (Chrono Boost)  
  99  6:13  Probe  
  99  6:14  Probe, Protoss Air Weapons Level 1 (Chrono Boost)  
  101  6:18  Pylon  
  101  6:23  Probe  
  101  6:25  Probe x2  
  101  6:35  Probe x2  
  101  6:37  Probe  
  101  6:39  Void Ray (Chrono Boost)  
  101  6:41  Zealot  
  101  6:42  Void Ray (Chrono Boost)  
  101  6:45  Gateway  
  101  6:46  Gateway  
  111  6:48  Probe  
  111  6:51  Void Ray (Chrono Boost)  
  111  6:52  Probe  
  117  7:06  Pylon x2  
  117  7:09  Forge  
  117  7:12  Sentry  
  117  7:13  Void Ray  
  116  7:22  Void Ray  
  124  7:25  Fleet Beacon  
  124  7:29  Pylon  
  124  7:30  Void Ray  
  128  7:42  Pylon  
  128  7:45  Photon Cannon  
  128  7:46  Photon Cannon  
  128  7:51  Photon Cannon  
  128  7:53  Probe  
  128  7:54  Probe x2  
  131  8:03  Carrier  
  131  8:04  Nexus  
  131  8:07  Sentry x2, Pylon  
  131  8:08  Sentry  
  137  8:14  Carrier (Chrono Boost)  
  137  8:16  Protoss Air Weapons Level 2 (Chrono Boost)  
  149  8:26  Pylon  
  149  8:29  Graviton Catapult  
  149  8:32  Probe x2  
  151  8:35  Probe  
  151  8:37  Carrier (Chrono Boost)  
  151  8:40  Assimilator  
  151  8:41  Photon Cannon  
  152  8:45  Assimilator  
  152  8:47  Probe x2  
  160  8:49  Probe  
  161  8:58  Protoss Shields Level 1  
  161  9:01  Photon Cannon  
  161  9:03  Photon Cannon  
  161  9:07  Photon Cannon  
  161  9:13  Photon Cannon  
  161  9:16  Photon Cannon  
  167  9:21  Forge  
  167  9:27  Carrier (Chrono Boost)  
  173  9:40  Carrier (Chrono Boost)  
  173  9:42  Probe x3  
  173  9:45  Cybernetics Core  
  182  9:46  Twilight Council  
  182  10:02  Carrier (Chrono Boost)  
  188  10:18  Robotics Facility  
  188  10:31  Stargate  
  188  10:39  Carrier (Chrono Boost)  
  184  10:47  Protoss Air Armor Level 1 (Chrono Boost)  
  184  10:49  Carrier (Chrono Boost)  
  190  10:50  Protoss Air Weapons Level 3 (Chrono Boost)  
  196  11:02  Nexus  
  196  11:07  Pylon  
  196  11:08  Protoss Shields Level 2  
  196  11:10  Pylon  
  196  11:12  Templar Archives  
  196  11:20  Photon Cannon  
  196  11:23  Photon Cannon  
  196  11:24  Photon Cannon x2  
  197  11:26  Photon Cannon, Observer (Chrono Boost)  
  197  11:27  Photon Cannon  
  197  11:28  Photon Cannon  
  197  11:29  Photon Cannon  
  197  11:31  Photon Cannon  
  197  11:33  Photon Cannon  
  197  11:36  Pylon  
  197  11:48  Observer (Chrono Boost)  
  198  11:55  Photon Cannon  
  198  11:57  Photon Cannon  
  198  11:59  Photon Cannon  
  198  12:02  Photon Cannon  
  198  12:03  Photon Cannon  
  198  12:05  Photon Cannon  
  198  12:07  Photon Cannon  
  198  12:09  Photon Cannon  
  198  12:10  Stargate, Photon Cannon  
  198  12:14  Stargate  
  198  12:15  Assimilator  
  198  12:19  Assimilator  
  198  12:33  Observer  
  199  12:57  Carrier  
  199  12:58  Carrier  
  174  13:09  Carrier  
  174  13:10  Carrier  
  183  13:13  Carrier x2  
  153  13:34  Mothership Core  
  153  13:35  Psionic Storm  
  153  13:40  High Templar  
  153  13:45  High Templar  
  155  13:54  Protoss Air Armor Level 2 (Chrono Boost)  
  155  13:58  Protoss Shields Level 3  
  159  14:18  Void Ray x2  
  159  14:22  Archon  
  151  14:32  Stalker x3  
  151  14:34  Void Ray  
  151  14:35  Void Ray  
  157  14:39  Void Ray x2  
  157  14:41  Probe x3  
  152  14:51  Probe  
  138  14:55  Void Ray  
  134  15:00  Void Ray  
  140  15:14  Nexus  
  140  15:17  Void Ray, Mothership Core  
  140  15:18  Void Ray  
  140  15:20  Pylon  
  140  15:21  Nexus  
  150  15:22  High Templar x3  
  150  15:25  Pylon  
  156  15:32  Pylon  
  156  15:42  Photon Cannon  
  156  15:46  Photon Cannon  
  156  15:48  Photon Cannon  
  156  15:49  Photon Cannon  
  170  16:02  Void Ray  
  170  16:07  Void Ray x2  
  170  16:10  Void Ray  
  177  16:24  Nexus  
  177  16:25  Assimilator  
  177  16:30  Pylon  
  177  16:37  Void Ray  
  181  16:44  Void Ray  
  167  17:07  Void Ray  
  171  17:11  Photon Cannon  
  171  17:14  Photon Cannon  
  171  17:17  Photon Cannon  
  171  17:19  Photon Cannon  
  171  17:27  Void Ray  
  175  17:48  Void Ray  
  175  17:53  Void Ray  
  183  18:04  Photon Cannon  
  183  18:08  Photon Cannon  
  183  18:10  Photon Cannon x2  
  183  18:12  Photon Cannon x2  
  183  18:13  Photon Cannon  
  183  18:14  Photon Cannon  
  183  18:30  Void Ray  
  179  18:35  Void Ray  
  179  18:36  Void Ray  
  185  18:59  Archon  
  185  19:00  Void Ray  
  145  19:10  Mothership Core  
  135  19:36  Nexus  
  131  19:40  Pylon  
Tags
 
Add a new tag
Caveats
  • Supply blocks, unpowered buildings, or Contaminate may cause inaccurate times.
  • Supply counts are checked every 10 seconds.